 Dungeon Crawl Stone Soup version 0.28.0-53-g5a82cb258f (webtiles) character file.

Game seed: 7436036143453013495

26 Holzbalken the Chopper (level 2, -4/22 HPs)
             Began as a Demonspawn Gladiator on June 1, 2022.
             Slain by Sigmund
             ... wielding a +6 scythe of protection
              (8 damage)
             ... on level 2 of the Dungeon.
             The game lasted 00:01:39 (663 turns).

Holzbalken the Chopper (Demonspawn Gladiator)        Turns: 663, Time: 00:01:40

Health: -4/22      AC:  6    Str: 14    XL:     2   Next: 89%
Magic:  0/2        EV: 11    Int:  9    God:
Gold:   43         SH:  0    Dex: 14    Spells: 1/1 levels left

rFire   . . .      SeeInvis .   a - +0 war axe
rCold   . . .      Faith    .   (no shield)
rNeg    . . .      Spirit   .   e - +0 ring mail
rPois   .          Reflect  .   c - +0 helmet
rElec   .          Harm     .   (no cloak)
rCorr   .          Rampage  .   (no gloves)
Will    .....                   (no boots)
Stlth   +.........              (no amulet)
HPRegen 0.07/turn               (no ring)
MPRegen 0.08/turn               (no ring)

@: no status effects
A: demonic magic 1
a: no special abilities


You were on level 2 of the Dungeon.
You visited 1 branch of the dungeon, and saw 2 of its levels.

You collected 43 gold pieces.

Inventory:

Hand Weapons
 a - a +0 war axe (weapon)
Missiles
 d - 4 throwing nets (quivered)
Armour
 b - a +0 leather armour
 c - a +0 helmet (worn)
 e - a +0 ring mail (worn)
Scrolls
 f - a scroll of enchant weapon {unknown}
 h - a scroll of enchant armour {unknown}
Potions
 g - a potion of magic {unknown}


   Skills:
 - Level 2.0 Fighting
 + Level 3.8 Axes
 - Level 1.7 Throwing
 - Level 2.6 Dodging


You had one spell level left.
You didn't know any spells.
Your spell library contained the following spells:

 Spells                   Type           Power      Damage    Failure   Level
 Sublimation of Blood     Necr           0%         N/A       77%         2
 Wereblood                Tmut           0%         N/A       77%         2
 Summon Hydra             Summ           0%         N/A       100%        7


Dungeon Overview and Level Annotations

Branches:
Dungeon (2/15)

Altars:
Dithmenos

Annotations:
D:2 Sigmund


Innate Abilities, Weirdness & Mutations

Spells you cast may paralyse adjacent enemies.


Message History

The goblin hits you with a +2 antimagic dagger.
You closely miss the goblin. You hit the goblin. The bat closely misses you.
The goblin closely misses you. The goblin hits you but does no damage.
You barely miss the goblin. You hit the goblin.
You kill the goblin!
You hit the goblin.
You kill the goblin!
The bat hits you but does no damage.
The goblin hits you with a +2 antimagic dagger.
You feel your power leaking away. The goblin barely misses you.
The bat hits you but does no damage. Sigmund completely misses you.
The goblin hits you but does no damage. The bat misses you.
The goblin barely misses you.
Sigmund points at you and mumbles some strange words.
You resist with significant effort.
You barely miss Sigmund. You miss the bat. You barely miss the goblin.
The bat barely misses you.
The goblin hits you with a +2 antimagic dagger.
The bat hits you but does no damage. Sigmund closely misses you.
You closely miss Sigmund. You barely miss the bat. You hit the goblin.
The bat hits you but does no damage. The goblin misses you.
The bat hits you but does no damage.
Sigmund hits you with a +6 scythe of protection!
The goblin hits you with a +2 antimagic dagger.
You hit Sigmund but do no damage. You hit the goblin.
You kill the goblin!
You slash the bat!
You kill the bat!
Sigmund misses you.
You slash Sigmund!
Sigmund is moderately wounded.
You hit Sigmund but do no damage.
Sigmund is moderately wounded.
Sigmund hits you with a +6 scythe of protection.
* * * LOW HITPOINT WARNING * * *
You hit Sigmund.
Sigmund is heavily wounded.
Sigmund hits you with a +6 scythe of protection!
You die...

..... #..# ..#
############# ###
#...!.#(....## ..#
#.............## #.####
#...............# .....#
#...............# #.##.#
#........@......#
#.##.###.......†@......#
$.#..............).....#
....# #.......).......#
..#.### #......)......##
......####.....#.....##
.......#####..########
........#.)...#####
..................#
..........._......#


You could see Sigmund.

Vanquished Creatures
  A dart slug (D:1)
  3 bats
  2 endoplasms (D:1)
  7 goblins
  A hobgoblin (D:1)
  A quokka (D:1)
  2 ball pythons (D:1)
  3 frilled lizards (D:1)
  A kobold (D:1)
  A rat (D:1)
22 creatures vanquished.

Notes
Turn   | Place    | Note
-------+----------+-------------------------------------------
     0 | D:1      | Holzbalken the Demonspawn Gladiator began the quest for the
                  | Orb.
     0 | D:1      | Reached XP level 1. HP: 16/16 MP: 1/1
   100 | D:1      | Reached skill level 3 in Axes
   194 | D:1      | Gained mutation: Spells you cast may paralyse adjacent
                  | enemies. [demonic ancestry]
   194 | D:1      | Reached XP level 2. HP: 20/22 MP: 2/2
   641 | D:2      | Found a shadowy altar of Dithmenos.
   653 | D:2      | Noticed Sigmund
   663 | D:2      | Slain by Sigmund

Illustrated notes

Levels and vault maps discovered:
D:1:      saegor_arrival_under_anarchy, layout_loops_corners, serial_shops,
          shop_statue
D:2:      layout_rooms, basic_altar, uniq_sigmund

Skill      XL: |  1 |
---------------+----+-----
Axes           | 3 |  3.8
Fighting       | |  2.0
Throwing       | |  1.7
Dodging        | |  2.6

Action                   || total
-------------------------++-------
Melee: War axe           ||    55
       Punch             ||     1
Armor: Ring mail         ||    31
       Leather armour    ||     3
Dodge: Dodged            ||    43
